 Dungeon Crawl Stone Soup version 0.28-a0-1365-g7e0445c96d (webtiles) character file.

Game seed: 10603196500279717067

667 ChaosChampion the Insei (level 7, -4/46 HPs)
             Began as an Octopode Transmuter on Dec 31, 2021.
             Was a Priest of Cheibriados.
             Succumbed to an orc wizard's poison
             ... on level 4 of the Dungeon.
             The game lasted 00:07:43 (6892 turns).

ChaosChampion the Insei (Octopode Transmuter)       Turns: 6892, Time: 00:07:43

Health: -4/46      AC:  2    Str: 28    XL:     7   Next: 57%
Magic:  6/10       EV: 22    Int: 23    God:    Cheibriados [***...]
Gold:   225        SH:  0    Dex: 23    Spells: 4/10 levels left

rFire   . . .      SeeInvis .     - Unarmed
rCold   . . .      Faith    .   (shield currently unavailable)
rNeg    . . .      Spirit   .   (helmet currently unavailable)
rPois   x          Reflect  .   (no amulet)
rElec   .          Harm     .   f - +6 ring of strength
rCorr   .          Rampage  .   a - +6 ring of strength
Will    .....                   (no ring)
Stlth   ++........              (no ring)
HPRegen 0.15/turn               (no ring)
MPRegen 0.12/turn               (no ring)
                                (no ring)
                                (no ring)

@: lethally poisoned (-4 -> -39), spider-form (expiring), attractive, very slow
A: venomous fangs, almost no armour, (amphibious), 8 rings, tiny, (camouflage
1), (gelatinous body 1), (nimble swimmer 1), (tentacles)
a: End Transformation, Renounce Religion, Bend Time, Temporal Distortion


You were on level 4 of the Dungeon.
You worshipped Cheibriados.
Cheibriados was most pleased with you.
You were a venomous arachnid creature.
You visited 1 branch of the dungeon, and saw 4 of its levels.
You also visited: Sewer.

You collected 225 gold pieces.

Inventory:

Jewellery
 a - a +6 ring of strength (right front leg)
 f - a +6 ring of strength (left front leg)
 g - a ring of fire
 k - a ring of fire
Wands
 l - a wand of acid (2)
 p - a wand of flame (14)
Scrolls
 c - a scroll of magic mapping {unknown}
 e - a scroll of blinking
 j - 2 scrolls of enchant armour
 q - a scroll of fog {unknown}
 s - a scroll of teleportation
 t - a scroll of enchant weapon {unknown}
Potions
 d - a potion of resistance
 h - 5 potions of flight
 n - a potion of mutation {unknown}
 o - a potion of berserk rage
 r - a potion of brilliance {unknown}


   Skills:
 + Level 3.5 Fighting
 + Level 3.9 Dodging
 * Level 5.9 Unarmed Combat
 - Level 2.0 Spellcasting
 + Level 4.0 Transmutations


You had 4 spell levels left.
You knew the following spells:

 Your Spells              Type           Power      Damage    Failure   Level
a - Beastly Appendage     Tmut           40%        N/A       10%         1
b - Wereblood             Tmut           20%        N/A       12%         2
c - Spider Form           Tmut/Pois      11%        N/A       36%         3

Your spell library contained the following spells:

 Spells                   Type           Power      Damage    Failure   Level
 Ice Form                 Ice/Tmut       11%        N/A       71%         4


Dungeon Overview and Level Annotations

Branches:
Dungeon (4/15)              Sewer (visited)
 Temple: D:4-7

Altars:
Cheibriados

Shops:
D:1 [


Innate Abilities, Weirdness & Mutations

You are a venomous arachnid creature.
You have poisonous fangs.
You are tiny and dextrous.
Your spellcasting is less reliable in this form.
Your armour is entirely melded.
You are incapable of wielding weapons or throwing items.
You cannot wear most types of armour.
((You are amphibious.))
You can wear up to eight rings at the same time.
((Your skin changes colour to match your surroundings (Stealth+).))
((Your rubbery body absorbs attacks. (AC +1, EV +1)))
((You are camouflaged when in or above water. (Stealth+)))
((You have tentacles for arms and can constrict up to eight enemies at once.))


Message History

Your transformation is almost over.
You feel very sick. Something closely misses you. The orc misses you.
You bite the orc!
You feel a bit better.
You kill the orc!
Cheibriados appreciates the change of pace.
Your primal bloodlust is almost over.
You feel sick. Something hits you but does no damage.
You are lethally poisoned!
You bump into the rock wall.
You feel very sick. Something hits you.
You are more poisoned.
You bump into the rock wall.
You feel very sick. Something hits you.
You are more poisoned.
The dart slug completely misses you.
You bite something!
You feel a bit better.
Cheibriados appreciates the change of pace.
You can now warp the flow of time around you.
Reactivating autopickup.
You feel a bit more experienced.
You feel extremely sick.
Your Transmutations skill increases to level 4!
You bite the dart slug!
The dart slug is poisoned.
The dart slug is severely wounded.
* * * LOW HITPOINT WARNING * * *
You feel extremely sick.
You feel a bit better.
You kill the dart slug!
Cheibriados appreciates the change of pace.
You feel less confused.
* * * LOW HITPOINT WARNING * * *
You feel extremely sick.
Okay, then.
Okay, then.
It was a potion of attraction.
You feel attractive to monsters.
Your primal bloodlust has ended.
You die...

#.# ##.###..# #.##### #.#
####.###..# #...... #.#
#.........# #.>...# #.#
#.##.##...#######..##.#
#.########.##.##............# #
#.............##..##..#.###.##.
#..#..........##)).......!.....
#..#.)##++#.#.##.###..#.#.......
#.)#.#......#..s.# #....w....#.#
#.<#.#......#.#### ##.......##w#
#..#.#....P.#.# ###....... #
#..#.#.....P..# ###..####
#..#.#...P..#.# ..#
#..#.#.....P#.# #..####
#....#######..# ##..##..
#.##..........# #<..##[#
#.###.######### #.#.?..##


There were no monsters in sight!

Vanquished Creatures
  2 ogres (D:4)
  A bullfrog skeleton (D:4)
  An orc priest (D:4)
  3 orc wizards (D:4)
  Ijyb (D:3)
  A hound skeleton (D:4)
  A howler monkey zombie (D:3)
  12 adders
  4 gnolls (D:4)
  3 river rats (Sewer)
  6 worms
  A dart slug (D:4)
  3 orcs
  11 ball pythons
  6 endoplasms
  7 giant cockroaches
  A goblin (D:1)
  8 hobgoblins
  15 jackals
  7 quokkas
  20 bats
  9 frilled lizards
  3 kobolds
  6 rats
132 creatures vanquished.

Vanquished Creatures (others)
  2 plants (D:4)
2 creatures vanquished.

Grand Total: 134 creatures vanquished

Notes
Turn   | Place    | Note
-------+----------+-------------------------------------------
     0 | D:1      | ChaosChampion the Octopode Transmuter began the quest for
                  | the Orb.
     0 | D:1      | Reached XP level 1. HP: 13/13 MP: 3/3
   412 | D:1      | Reached XP level 2. HP: 6/18 MP: 3/5
  1305 | D:1      | Found Zoasmank's Armour Emporium.
  1317 | D:1      | Reached XP level 3. HP: 11/23 MP: 6/6
  2240 | D:1      | Learned a level 2 spell: Wereblood
  2244 | D:1      | Learned a level 3 spell: Spider Form
  2494 | D:2      | Reached XP level 4. HP: 27/29 MP: 4/7
  3160 | D:2      | Found a faded altar of an unknown god.
  3385 | D:3      | Reached skill level 4 in Unarmed Combat
  4044 | D:3      | Found a snail-covered altar of Cheibriados.
  4057 | D:3      | Became a worshipper of Cheibriados the Contemplative
  4172 | D:3      | Reached XP level 5. HP: 34/34 MP: 4/8
  4482 | D:3      | Noticed Ijyb
  4492 | D:3      | Killed Ijyb
  5059 | D:4      | Noticed an ogre
  5068 | D:4      | Killed an ogre
  5069 | D:4      | Reached XP level 6. HP: 31/41 MP: 5/9
  5106 | D:4      | Reached skill level 5 in Unarmed Combat
  5342 | D:4      | Found a glowing drain.
  5345 | D:4      | Reached * piety under Cheibriados
  5361 | Sewer    | Entered a sewer
  5552 | Sewer    | Reached ** piety under Cheibriados
  5557 | Sewer    | Reached XP level 7. HP: 23/46 MP: 8/10
  6377 | D:4      | HP: 2/46 [poisoned by an orc wizard]
  6889 | D:4      | Reached *** piety under Cheibriados
  6891 | D:4      | HP: 2/46 [poisoned by an orc wizard]
  6892 | D:4      | Succumbed to an orc wizard's poison

Illustrated notes

Levels and vault maps discovered:
D:1:      minmay_arrival_checkered_box, layout_basic, serial_shops,
          nicolae_shop_advertising_works [nicolae_subvault_shop_adworks]
D:2:      minmay_general_purpose_star, layout_loops_cross,
          dilly_ecumenical_altar_fadedgnrine, minivault_24
D:3:      layout_basic, cheibriados_altar_1, uniq_ijyb
D:4:      cheibrodos_old_hovel, layout_loops_ring,
          grunt_temple_overflow_gold_and_silver, serial_glass, glass_columns_a,
          glass_columns_c, gup_sewer_entry_pipe

Skill      XL: |  1  2  3  4  5  6  7 |
---------------+----------------------+-----
Unarmed Combat | 4 5 |  5.9
Fighting       | 2 3 |  3.5
Dodging        | 3 |  3.9
Transmutations | 3 4 |  4.0
Spellcasting   | |  2.0

Action                   |  1- 3 |  4- 6 |  7- 9 || total
-------------------------+-------+-------+-------++-------
Melee: Unarmed           |    92 |   149 |    59 ||   300
       Tentacles         |    12 |    22 |     9 ||    43
       Constrict         |    23 |    19 |    11 ||    53
       Kick              |    17 |     5 |     4 ||    26
       Punch             |     3 |     1 |     4 ||     8
 Cast: Beastly Appendage |    15 |     5 |     2 ||    22
       Spider Form       |     1 |     6 |     5 ||    12
       Wereblood         |       |     1 |     3 ||     4
  Use: Scroll            |       |     8 |     3 ||    11
       Potion            |       |       |     3 ||     3
 Stab: Sleeping          |     5 |    10 |     2 ||    17
Armor: Skin              |     8 |     8 |     4 ||    20
Dodge: Dodged            |    66 |   115 |    69 ||   250

Table legend: (Time is in decaauts)
 A = Elapsed time spent in this place.
 B = Non-inter-level travel time spent in this place.
 C = Inter-level travel time spent in this place.
 D = Time resting spent in this place.
 E = Time spent auto-exploring this place.
 F = Levels seen in this place.
 G = Mean time per level.
                   A        B        C        D        E       F      G
               +--------+--------+--------+--------+--------+-----+--------+
         Total |   7347 |   7197 |    150 |   1325 |   4595 |   5 | 1469.4 |
       Dungeon |   6284 |   6134 |    150 |   1158 |   4101 |   4 | 1571.0 |
         Sewer |   1062 |   1062 |      0 |    167 |    493 |   1 | 1062.0 |
               +--------+--------+--------+--------+--------+-----+--------+

Top non-repeatable levels by time:
     D:1: 2107 daAuts
     D:3: 1909 daAuts
     D:2: 1191 daAuts
     D:4: 1076 daAuts
   Sewer: 1062 daAuts
